 Dungeon Crawl Stone Soup version 0.29.1-2-gbd0b4ee654 (webtiles) character file.

Game seed: 7595876814741776377

70 zeram the Sneak (level 4, -3/25 HPs)
             Began as a Deep Elf Brigand on Nov 4, 2022.
             Slain by Natasha (6 damage)
             ... on level 2 of the Dungeon.
             The game lasted 00:04:55 (2039 turns).

zeram the Sneak (Deep Elf Brigand)                  Turns: 2039, Time: 00:04:55

Health: -3/25      AC:  3    Str:  8    XL:     4   Next: 4%
Magic:  10/10      EV: 13    Int: 18    God:
Gold:   44         SH:  0    Dex: 22    Spells: 8/8 levels left

rFire   + . .      SeeInvis .   a - +2 dagger
rCold   . . .      Faith    .   (no shield)
rNeg    . . .      Spirit   .   b - +0 robe
rPois   .          Reflect  .   (no helmet)
rElec   .          Harm     .   c - +0 cloak
rCorr   .          Rampage  .   (no gloves)
Will    .....                   (no boots)
Stlth   +++.......              (no amulet)
HPRegen 0.08/turn               g - ring "Joyllem" {rF+ Dex+6}
MPRegen 0.12/turn               (no ring)

@: no status effects
A: no striking features
a: no special abilities


You were on level 2 of the Dungeon.
You visited 1 branch of the dungeon, and saw 2 of its levels.

You collected 44 gold pieces.

Inventory:

Hand Weapons
 a - a +2 dagger (weapon)
Missiles
 d - 9 poisoned darts (quivered)
 e - 3 curare-tipped darts
Armour
 b - a +0 robe (worn)
 c - a +0 cloak (worn)
Jewellery
 g - the ring "Joyllem" (left hand) {rF+ Dex+6}
   (You found it on level 2 of the Dungeon)

   [ring of dexterity]

   Dex:       It affects your dexterity (+6).
   rF:        It protects you from fire.
Potions
 f - a potion of ambrosia {unknown}
 j - a potion of heal wounds {unknown}


   Skills:
 - Level 1.5 Fighting
 + Level 2.6 Short Blades
 - Level 2.0 Throwing
 + Level 2.0 Dodging
 - Level 5.4 Stealth
 * Level 2.8 Spellcasting


You had 8 spell levels left.
You didn't know any spells.
Your spell library contained the following spells:

 Spells                   Type           Power      Damage    Failure   Level
 Call Canine Familiar     Summ           2%         N/A       45%         3
 Portal Projectile        Hex/Tloc       4%         N/A       45%         3
 Leda's Liquefaction      Hex/Erth       1%         N/A       86%         4
 Blade Hands              Tmut           1%         N/A       99%         5
 Irradiate                Conj/Tmut      1%         3d12      99%         5
 Dragon Form              Tmut           1%         N/A       100%        7


Dungeon Overview and Level Annotations

Branches:
Dungeon (2/15)

Altars:

Shops:
D:1 [

Annotations:
D:2 Natasha


Message History

You closely miss Natasha.
Natasha is lightly wounded.
Natasha stares at you and mumbles some strange words.
You resist with some effort. The crimson imp completely misses you.
You closely miss Natasha.
Natasha is lightly wounded.
Natasha zaps a wand.
The bolt of dispelling energy hits you! The crimson imp barely misses you.
You are too injured to fight recklessly!
You are too injured to fight recklessly!
You don't know any spells.
You hit Natasha but do no damage.
Natasha is lightly wounded.
Natasha casts a spell at you. The magic dart hits you.
* * * LOW HITPOINT WARNING * * *
The crimson imp closely misses you.
Unknown command.
You hit Natasha.
Natasha is heavily wounded.
Natasha misses you.
The crimson imp hits you but does no damage.
Unknown command.
You hit Natasha.
Natasha is heavily wounded.
Natasha claws you.
* * * LOW HITPOINT WARNING * * *
Unknown command.
You hit Natasha.
Natasha is severely wounded.
The crimson imp blinks!
Unknown command.
You barely miss Natasha.
Natasha is severely wounded.
Natasha mumbles some strange words.
Unknown command.
You hit Natasha.
Natasha is almost dead.
Natasha claws you.
You die...

#...<# #.# #.#.#
#...#.#.#.#.# #...##
#.###.#.# #...#.#.#.#.#
####.## #)....#.#
#...#.#.#.#.# .....#
#######.# #...#.#.#.#.#
###### #######÷#
#...#.#.#†#
?.......###...#...#.#
############......#...#.#
......†.........#.#.#.#.#
##########@÷.####.#.#.#.#
......h.§....#.#...#.#
###.#!5.5....#.#####.#
...........#.......#
#.##.#.#.#.######### ##
#.#.#.#... #.#.#.# ###
#.#$#.#


You could see Natasha and 2 crimson imps.

Vanquished Creatures
  Natasha (D:2)
  An adder (D:2)
  2 worms (D:2)
  7 bats
  An endoplasm (D:1)
  A giant cockroach (D:2)
  3 hobgoblins (D:1)
  2 kobolds (D:1)
  A quokka (D:2)
  3 ball pythons
  5 goblins
  3 rats (D:1)
30 creatures vanquished.

Vanquished Creatures (others)
  2 fungi (D:2)
2 creatures vanquished.

Grand Total: 32 creatures vanquished

Notes
Turn   | Place    | Note
-------+----------+-------------------------------------------
     0 | D:1      | zeram the Deep Elf Brigand began the quest for the Orb.
     0 | D:1      | Reached XP level 1. HP: 12/12 MP: 3/3
   108 | D:1      | Reached skill level 5 in Stealth
   345 | D:1      | Reached skill level 1 in Spellcasting
   345 | D:1      | Reached XP level 2. HP: 16/16 MP: 5/5
   920 | D:1      | Found Mutavaplya's Armour Shoppe.
  1399 | D:2      | Identified the ring "Joyllem" {rF+ Dex+6}
  1405 | D:2      | Noticed Natasha
  1409 | D:2      | Killed Natasha
  1410 | D:2      | Reached XP level 3. HP: 20/20 MP: 6/8
  1934 | D:2      | Reached XP level 4. HP: 16/25 MP: 10/10
  2023 | D:2      | Noticed Natasha
  2039 | D:2      | Slain by Natasha

Illustrated notes

Levels and vault maps discovered:
D:1:      matt_arrival_refuge, layout_basic, serial_shops,
          nicolae_shop_advertising_works [nicolae_subvault_shop_adworks],
          roderic_serpentine_path, wad_floor_pattern_untrapped,
          kennysheep_doodads
D:2:      layout_basic, hellmonk_ecumenical_altar_blasted,
          uniq_crazy_yiuf_cottage, uniq_natasha, uniq_robin

Skill      XL: |  1  2  3 |
---------------+----------+-----
Stealth        | 5 |  5.4
Spellcasting   | 1 2 |  2.8
Dodging        | 2 |  2.0
Fighting       | |  1.5
Short Blades   | |  2.6
Throwing       | |  2.0

Action                   |  1- 3 |  4- 6 || total
-------------------------+-------+-------++-------
Melee: Dagger            |    95 |    12 ||   107
       Punch             |     2 |       ||     2
  Use: Scroll            |     4 |       ||     4
 Stab: Sleeping          |     9 |       ||     9
       Distracted        |     1 |       ||     1
Armor: Robe              |    27 |     2 ||    29
Dodge: Dodged            |    54 |     6 ||    60
